 Seeded DCSS version 0.31-a0-1074-g0b22e4e0f1 (webtiles) character file.

Game seed: 15303948344177681572 (custom seed)

29 Hubris850 the Sneak (level 3, -1/22 HPs)
             Began as a Deep Elf Delver on Nov 27, 2023.
             Slain by a gnoll
             ... wielding a +0 spear
              (7 damage)
             ... on level 6 of the Dungeon.
             The game lasted 00:02:07 (157 turns).

Hubris850 the Sneak (Deep Elf Delver)                Turns: 157, Time: 00:02:07

Health: -1/22      AC:  3    Str:  9    XL:     3   Next: 1%
Magic:  5/5        EV: 13    Int: 16    God:
Gold:   0          SH:  0    Dex: 16    Spells: 2/2 levels left

rFire   . . .        a - +0 short sword
rCold   . . .        (no shield)
rNeg    . . .        b - +0 leather armour
rPois   .            (no helmet)
rElec   .            (no cloak)
rCorr   .            (no gloves)
SInv    .            (no boots)
Will    .....        (no amulet)
Stlth   +++          (no ring)
HPRegen 0.23/turn    (no ring)
MPRegen 0.09/turn

%: no passive effects
@: no status effects
A: no striking features
a: no special abilities


You were on level 6 of the Dungeon.
You visited 1 branch of the dungeon, and saw 2 of its levels.

Inventory:

Hand Weapons
 a - a +0 short sword (weapon)
Armour
 b - a +0 leather armour (worn)
Wands
 g - a wand of digging (3)
Scrolls
 c - a scroll of fog
 d - a scroll of revelation
Potions
 f - a potion of haste


   Skills:
 - Level 2.4 Fighting
 - Level 2.0 Short Blades
 + Level 4.3 Dodging
 - Level 6.0 Stealth


You had 2 spell levels left.
You didn't know any spells.
Your spell library was empty.

Dungeon Overview and Level Annotations

Branches:
Dungeon (6/15)
 Temple: D:4-7

Altars:

Shops:
D:5 [


Message History

As you read the scroll of fear, it crumbles to dust.
You assume a fearsome visage.
The troll looks frightened!
The troll shouts!
The orc warrior looks frightened!
The orc warrior shouts!
The orc looks frightened!
The orc wizard looks frightened!
The orc priest looks frightened! x2
The orc priest shouts!
The adder looks frightened!
The orc wizard mumbles some strange words.
The orc wizard flickers and vanishes!
Deactivating autopickup; reactivate with Ctrl-A.
The gnoll hits you with a +0 flail!
You barely miss the gnoll. The gnoll hits you with a +0 flail.
You hit the gnoll.
The gnoll is heavily wounded.
The gnoll hits you with a +0 flail!
Ouch! That really hurt!
* * * LOW HITPOINT WARNING * * *
You hit the gnoll.
The gnoll is severely wounded.
The gnoll hits you but does no damage.
You hit the gnoll.
The gnoll is almost dead.
The gnoll closely misses you.
You hit the gnoll.
You kill the gnoll!
Your Dodging skill increases to level 4!
You have reached level 3!
Your experience leads to an increase in your attributes!
Increase (S)trength, (I)ntelligence, or (D)exterity?
You feel clever. x2
You start resting.
You hear the slow hiss of a distant avalanche of sand.
You start resting.
A gnoll is nearby!
You see here a +0 flail.
The gnoll shouts!
You hit the gnoll but do no damage. The gnoll hits you with a +0 spear!
You die...

.#..#$.....
...........
#.......?.)
#..#.......
#<......... .
##.#..(.... .
########.#...:.## .
#.......g.!...... .
.####.@#†....... .
####.#...###### .##
####........#
..#######....#..#####
..........#.....####
####...............#
........##.........#
.....#####.........#
.....# ###########


You could see a gnoll.

Vanquished Creatures
  2 gnolls
  An adder (D:6)
3 creatures vanquished.

Notes
Turn   | Place    | Note
-------+----------+-------------------------------------------
     0 | D:5      | Hubris850 the Deep Elf Delver began the quest for the Orb.
     0 | D:5      | Reached XP level 1. HP: 13/13 MP: 3/3
     1 | D:6      | Noticed an orc warrior
     1 | D:6      | Noticed an orc wizard
     1 | D:6      | Noticed an orc wizard
    15 | D:5      | Reached XP level 2. HP: 9/18 MP: 4/4
    73 | D:5      | Found Xuwuabbedya's Antique Armour Boutique.
   113 | D:6      | Noticed an orc warrior
   116 | D:6      | Noticed a troll
   137 | D:6      | Reached XP level 3. HP: 2/22 MP: 5/5
   157 | D:6      | Slain by a gnoll

Illustrated notes

Levels and vault maps discovered:
D:5:      layout_loops_ring, mainiacjoe_overflow_big_doors, serial_shops, shop,
          serial_co_window_serial, co_window_paths_b, co_window_corner_a,
          co_window_corner_a, co_window_paths_b, co_window_corner_a,
          co_window_corner_a, co_window_paths_a, co_window_broadway_b,
          co_window_unsneaky_path_a, co_window_corner_ca, co_window_broadway_b,
          co_window_2corner, co_window_2corner, glass_columns_c,
          minmay_misc_feat_enclosed, nicolae_fountain_basement
D:6:      minmay_cornered_nines, layout_rooms, enter_ossuary_4,
          uniq_crazy_yiuf_cottage

Skill      XL: |  1  2 |
---------------+-------+-----
Dodging        | 3 4 |  4.3
Fighting       | |  2.4
Short Blades   | |  2.0
Stealth        | |  6.0

Action                     || total
---------------------------++-------
  Melee: Short sword       ||    18
    Use: Scroll            ||     1
   Stab: Sleeping          ||     1
 Armour: Leather armour    ||     9
  Dodge: Dodged            ||     8

Table legend: (Time is in decaauts)
 A = Elapsed time spent in this place.
 B = Non-inter-level travel time spent in this place.
 C = Inter-level travel time spent in this place.
 D = Time resting spent in this place.
 E = Time spent auto-exploring this place.
 F = Levels seen in this place.
 G = Mean time per level.
                   A        B        C        D        E       F      G
               +--------+--------+--------+--------+--------+-----+--------+
         Total |    155 |    155 |      0 |     56 |      0 |   2 |   77.5 |
       Dungeon |    155 |    155 |      0 |     56 |      0 |   2 |   77.5 |
               +--------+--------+--------+--------+--------+-----+--------+

Top non-repeatable levels by time:
     D:5: 86 daAuts
     D:6: 68 daAuts
